 Dungeon Crawl Stone Soup version 0.30.0-30-g96aa6591b8 (webtiles) character file.

Game seed: 9819906956824794303

154 coffeetime the Digger (level 5, -1/29 HPs)
             Began as a Gargoyle Earth Elementalist on June 29, 2023.
             Slain by Pikel
             ... wielding a +2 whip of flaming
              (2 damage)
             ... on level 4 of the Dungeon.
             The game lasted 00:10:45 (2606 turns).

coffeetime the Digger (Gargoyle Earth Elementalist) Turns: 2606, Time: 00:10:46

Health: -1/29      AC:  6    Str: 12    XL:     5   Next: 36%
Magic:  4/10       EV: 12    Int: 17    God:
Gold:   180        SH:  0    Dex: 10    Spells: 7/10 levels left

rFire   . . .        i - +4 dagger
rCold   . . .        (no shield)
rNeg    + . .        a - +0 robe
rPois   ∞            (no helmet)
rElec   +            (no cloak)
rCorr   .            (no gloves)
SInv    .            (no boots)
Will    .....        (no amulet)
Stlth   ++           (no ring)
HPRegen 0.24/turn    (no ring)
MPRegen 0.12/turn

%: no passive effects
@: no status effects
A: sickness immunity, AC +4, negative energy resistance 1, electricity
resistance, torment resistance 1, petrification resistance
a: no special abilities


You were on level 4 of the Dungeon.
You visited 1 branch of the dungeon, and saw 4 of its levels.

You collected 180 gold pieces.

Inventory:

Hand Weapons
 h - a +0 spear
 i - a +4 dagger (weapon)
 q - a +0 sling
Missiles
 j - 7 boomerangs
 k - 3 poisoned darts
Armour
 a - a +0 robe (worn)
 r - a +0 leather armour
 x - an orb of wrath
Magical Staves
 e - a staff of death
Wands
 v - a wand of charming (7)
Scrolls
 c - a scroll of vulnerability {unknown}
 d - 2 scrolls of teleportation {unknown}
 f - a scroll of fear {unknown}
 g - a scroll of amnesia {unknown}
 m - 2 scrolls of magic mapping {unknown}
 p - 4 scrolls of identify {unknown}
 w - a scroll of fog {unknown}
Potions
 b - a potion of magic
 l - 2 potions of mutation {unknown}
 n - a potion of brilliance {unknown}
 o - a potion of attraction {unknown}
 s - a potion of lignification {unknown}
 t - a potion of degeneration {unknown}
 u - a potion of cancellation {unknown}
 z - a potion of curing {unknown}


   Skills:
 * Level 1.0 Fighting
 + Level 1.7 Dodging
 + Level 2.9 Stealth
 + Level 3.4 Spellcasting
 + Level 0.7 Transmutations
 + Level 5.3 Earth Magic


You had 7 spell levels left.
You knew the following spells:

 Your Spells              Type           Power      Damage    Failure   Level
a - Sandblast             Erth           42%        2d11      1%          1
b - Passwall              Tmut/Erth      10%        N/A       8%          2

Your spell library contained the following spells:

 Spells                   Type           Power      Damage    Failure   Level
 Stone Arrow              Conj/Erth      22%        3d8       17%         3
 Petrify                  Tmut/Erth      13%        N/A       43%         4
 Animate Dead             Necr           2%         N/A       86%         4
 Haunt                    Necr/Summ      1%         N/A       100%        7
 Infestation              Necr           1%         N/A       100%        8


Dungeon Overview and Level Annotations

Branches:
Dungeon (4/15)
 Temple: D:4-7

Altars:

Shops:
D:1 ?

Annotations:
D:4 Pikel


Innate Abilities, Weirdness & Mutations

You are immune to sickness and miasma.
Your stone body is resilient. (AC +4)
You are immune to poison.
You resist negative energy. (rN+)
You are resistant to electric shocks. (rElec)
You are resistant to unholy torment.
You are immune to petrification.


Message History

Aiming: Sandblast (safe; 1% risk of failure)
Press: ? - help, Q - select action, (/) - cycle Shift-Dir - straight line, f/p - Pikel
Aim: Pikel, wielding a +2 whip of flaming and wearing a +0 robe (moderately wounded, 79% to hit)
The blast of sand hits Pikel!
Pikel is heavily wounded.
Pikel hits you with a +2 whip of flaming.
Pikel burns you.
Pikel hits you with a +2 whip of flaming.
Pikel burns you.
Aiming: Sandblast (safe; 1% risk of failure)
Press: ? - help, Q - select action, (/) - cycle Shift-Dir - straight line, f/p - Pikel
Aim: Pikel, wielding a +2 whip of flaming and wearing a +0 robe (heavily wounded, 79% to hit)
The blast of sand hits Pikel but does no damage.
Pikel is heavily wounded.
Pikel hits you with a +2 whip of flaming.
Pikel burns you.
Aiming: Sandblast (safe; 1% risk of failure)
Press: ? - help, Q - select action, (/) - cycle Shift-Dir - straight line, f/p - Pikel
Aim: Pikel, wielding a +2 whip of flaming and wearing a +0 robe (heavily wounded, 79% to hit)
The blast of sand hits Pikel!
Pikel is severely wounded.
Pikel barely misses you.
Pikel hits you with a +2 whip of flaming.
Pikel burns you.
* * * LOW HITPOINT WARNING * * *
Aiming: Sandblast (safe; 1% risk of failure)
Press: ? - help, Q - select action, (/) - cycle Shift-Dir - straight line, f/p - Pikel
Aim: Pikel, wielding a +2 whip of flaming and wearing a +0 robe (severely wounded, 79% to hit)
The blast of sand misses Pikel.
The blast of sand misses the lemure.
Pikel barely misses you.
Aiming: Sandblast (safe; 1% risk of failure)
Press: ? - help, Q - select action, (/) - cycle Shift-Dir - straight line, f/p - Pikel
Aim: Pikel, wielding a +2 whip of flaming and wearing a +0 robe (severely wounded, 79% to hit)
The blast of sand hits Pikel but does no damage.
Pikel is severely wounded.
Pikel barely misses you.
Pikel hits you with a +2 whip of flaming!
* * * LOW HITPOINT WARNING * * *
Pikel burns you.
You die...

.r..#...###.###.#.#
....###'###...#.#.#
#.....###.#.#.#
#.....# #.#<#.#
#.....# #.###.#
#.....# #.....#
###5### ####### #K#
#@# #.# #.# #.# #.#
#.# #.# #.#


You could see Pikel and a lemure.

Vanquished Creatures
  A bullfrog (D:3)
  3 adders
  A worm (D:3)
  3 dart slugs
  6 endoplasms
  3 giant cockroaches
  5 goblins
  4 hobgoblins
  5 jackals
  2 quokkas
  2 ball pythons (D:1)
  7 bats
  2 frilled lizards (D:2)
  4 kobolds
  8 rats
56 creatures vanquished.

Notes
Turn   | Place    | Note
-------+----------+-------------------------------------------
     0 | D:1      | coffeetime the Gargoyle Earth Elementalist began the quest
                  | for the Orb.
     0 | D:1      | Reached XP level 1. HP: 10/10 MP: 3/3
   192 | D:1      | Reached skill level 4 in Earth Magic
   248 | D:1      | Reached XP level 2. HP: 9/15 MP: 1/5
   417 | D:1      | Found The Oracle's Delphic Readings.
  1126 | D:2      | Reached XP level 3. HP: 19/19 MP: 2/6
  1269 | D:2      | Learned a level 2 spell: Passwall
  1382 | D:2      | Reached XP level 4. HP: 24/24 MP: 4/8
  2024 | D:3      | Noticed an ice beast
  2254 | D:4      | Noticed Pikel
  2254 | D:4      | Noticed a lemure
  2254 | D:4      | Noticed a lemure
  2254 | D:4      | Noticed a lemure
  2254 | D:4      | Noticed a lemure
  2354 | D:3      | Noticed a bullfrog
  2361 | D:3      | Killed a bullfrog
  2362 | D:3      | Reached skill level 1 in Fighting
  2362 | D:3      | Reached skill level 5 in Earth Magic
  2362 | D:3      | Reached XP level 5. HP: 22/29 MP: 6/10
  2606 | D:4      | HP: 1/29 [Pikel/+2 whip of flaming (7)]
  2606 | D:4      | Slain by Pikel

Illustrated notes

Levels and vault maps discovered:
D:1:      kilobyte_arrival_exit_the_forest, layout_rooms, serial_curves,
          eino_curves_04, eino_curves_01, nicolae_nh_oracle_at_delphi
D:2:      layout_basic, minmay_tromino_v7
D:3:      layout_basic, uniq_terence
D:4:      layout_basic, yredelemnul_forgotten_temple_becter,
          hangedman_feature_mirror, uniq_pikel

Skill      XL: |  1  2  3  4 |
---------------+-------------+-----
Earth Magic    | 4 5 |  5.3
Spellcasting   | 3 |  3.4
Fighting       | 1 |  1.0
Dodging        | |  1.7
Stealth        | |  2.9
Transmutations | |  0.7

Action                     |  1- 3 |  4- 6 || total
---------------------------+-------+-------++-------
  Melee: Staff             |    11 |       ||    11
         Dagger            |     8 |    44 ||    52
         Punch             |       |     1 ||     1
   Cast: Sandblast         |    45 |    22 ||    67
   Stab: Sleeping          |       |     3 ||     3
 Armour: Robe              |    17 |    10 ||    27
  Dodge: Dodged            |    20 |    30 ||    50
